 Dungeon Crawl Stone Soup version 0.18-a0-1343-g48c8f86 (webtiles) character file.

377 M4edhros the Insei (level 6, -2/47 HPs)
             Began as a Mummy Monk on Feb 16, 2016.
             Slain by Duvessa
             ... wielding a +0 short sword
              (7 damage)
             ... on level 5 of the Dungeon.
             The game lasted 00:09:04 (6651 turns).

M4edhros the Insei (Mummy Monk)                     Turns: 6651, Time: 00:09:04

Health: -2/47      AC:  4    Str: 15    XL:     6   Next: 45%
Magic:  6/6        EV: 13    Int:  9    God:
Gold:   197        SH:  0    Dex: 16    Spells: 0 memorised, 5 levels left

rFire  . . .     SeeInvis .       - Unarmed
rCold  . . .     Gourm    .     (no armour)
rNeg   + + +     Faith    .     (no shield)
rPois  ∞         Spirit   .     (no helmet)
rElec  .         Dismiss  .     b - +0 cloak
rCorr  .         Reflect  .     a - +2 pair of gloves
SustAt .         Harm     .     (no boots)
MR     .....                    (no amulet)
Stlth  ++++......               d - ring of stealth
                                c - ring of fire

@: not resistant to hostile enchantments, stealthy
A: no food or potions, fire vulnerability, cold resistance 1, negative energy
resistance 3, torment resistance, unbreathing
a: no special abilities


You were on level 5 of the Dungeon.
You were not hungry.

You visited 1 branch of the dungeon, and saw 5 of its levels.

You collected 197 gold pieces.

Inventory:

Armour
 a - a +2 pair of gloves (worn)
 b - a +0 cloak (worn)
Jewellery
 c - a ring of fire (left hand)
 d - a ring of stealth (right hand)
Scrolls
 f - 2 scrolls of magic mapping
 g - 2 scrolls of amnesia
 h - 2 scrolls of remove curse
 j - a scroll of enchant weapon
Comestibles
 i - 6 fruits (quivered)


   Skills:
 - Level 3.0 Fighting
 - Level 2.4 Dodging
 + Level 4.4 Stealth
 + Level 5.2 Unarmed Combat


You had 5 spell levels left.
You didn't know any spells.

Dungeon Overview and Level Annotations

Branches:
Dungeon (5/15)
 Temple: D:4-7

Altars:
Fedhas
Kikubaaqudgha
Xom
Zin

Annotations:
D:3 Sigmund
D:4 Edmund
D:5 Dowan, Duvessa


Innate Abilities, Weirdness & Mutations

You do not eat or drink.
Your flesh is vulnerable to fire.
You are immune to poison.
Your flesh is cold resistant.
You are immune to negative energy.
You are immune to unholy pain and torment.
You can survive without breathing.


Message History

Duvessa hits you with a short sword.
You closely miss Duvessa.
Duvessa is almost dead.
Duvessa misses you.
You hit Duvessa but do no damage.
Duvessa is almost dead.
Duvessa hits you but does no damage.
You closely miss Duvessa.
Duvessa is almost dead.
Duvessa hits you with a short sword.
* * * LOW HITPOINT WARNING * * *
You closely miss Duvessa.
Duvessa is almost dead.
Duvessa gestures with her weapon.
Duvessa hits you with a short sword!
* * * LOW HITPOINT WARNING * * *
You completely miss Duvessa.
Duvessa is almost dead.
Duvessa hits you with a short sword!
You die...

........# #e##.#####
........###........#
#####.#..))....###.#
#.#.######## #.#
#.### #.# #.# #.#
#.# #.#
#.############.#
#....!.....e@..#
#.##########.### ###
#.# ###


You could see Duvessa.

Vanquished Creatures
  4 orc priests
  A hound (D:4)
  A worker ant (D:4)
  11 adders
  An adder skeleton (D:4)
  3 worms
  4 giant geckos
  10 orcs
  2 ball pythons
  7 bats
  5 giant cockroaches
  4 goblins
  3 hobgoblins
  3 jackals (D:4)
  4 quokkas
  3 giant newts
  11 kobolds
  15 rats (D:1)
92 creatures vanquished.

Notes
Turn   | Place    | Note
--------------------------------------------------------------
     0 | D:1      | M4edhros the Mummy Monk began the quest for the Orb.
     0 | D:1      | Reached XP level 1. HP: 18/18 MP: 1/1
   368 | D:1      | Reached XP level 2. HP: 9/24 MP: 2/2
  1577 | D:1      | Reached XP level 3. HP: 25/29 MP: 3/3
  2570 | D:2      | Reached skill level 4 in Unarmed Combat
  3322 | D:2      | Reached XP level 4. HP: 31/35 MP: 4/4
  4519 | D:3      | Found a glowing silver altar of Zin.
  4519 | D:3      | Noticed an angel
  4527 | D:3      | Found a shimmering altar of Xom.
  4596 | D:3      | Reached XP level 5. HP: 37/41 MP: 5/5
  4610 | D:3      | Noticed a black bear
  4785 | D:3      | Noticed Sigmund
  5273 | D:4      | Found an ancient bone altar of Kikubaaqudgha.
  5273 | D:4      | Found a blossoming altar of Fedhas.
  5836 | D:4      | Reached XP level 6. HP: 29/47 MP: 6/6
  5905 | D:4      | Reached skill level 5 in Unarmed Combat
  6096 | D:4      | Noticed Edmund
  6341 | D:5      | Entered Level 5 of the Dungeon
  6583 | D:5      | Noticed Dowan
  6584 | D:5      | Noticed Duvessa
  6651 | D:5      | Slain by Duvessa

Vault maps used:
D:1:      erik_arrival_orb_chamber
D:2:      lemuel_statue_altar
D:3:      grunt_temple_overflow_order_and_chaos_1, first_bread, serial_glass,
          glass_columns_a, glass_columns_a, uniq_sigmund
D:4:      grunt_temple_overflow_growth_and_decay, uniq_edmund
D:5:      yredelemnul_altar_generic, corexii_item_surrounded_by_moat,
          uniq_duvessa

Action                   |  1- 3 |  4- 6 || total
-------------------------+-------+-------++-------
Melee: Unarmed           |   217 |   283 ||   500
  Use: Scroll            |     5 |     4 ||     9
 Stab: Sleeping          |     6 |    12 ||    18
       Distracted        |       |     1 ||     1
